TOP OF THE 1ST |
University of Georgia Bulldogs batting - Pitching for University of Maine Black Bears : RHP Dan Cardinal
|
Pitching: RHP Dan Cardinal
|
|
Batting: RHB Jeff Wornick
|
0-0: Called Strike 0-1: Called Strike 0-2: Ball 1-2: Foul Ball, location: 2F 1-2: Ball 2-2: Strikes out swinging
|
Batting: LHB Sloan Rayner
|
0-0: Ball 1-0: Called Strike 1-1: SINGLE (Groundball, 6MD, EV 93.8 MPH)
|
Batting: RHB Joe Strong
|
0-0: Grounds into double play, 6-4-3 (Groundball, 6, EV 83.8 MPH)
|
Top of the 1st over - 0 runs, 1 hit, 0 errors, 0 left on base; University of Georgia 0 - University of Maine 0 |
BOTTOM OF THE 1ST |
University of Maine Black Bears batting - Pitching for University of Georgia Bulldogs : LHP Allan Bodkin
|
Pitching: LHP Allan Bodkin
|
|
Batting: RHB Wang Huan
|
0-0: Ball 1-0: Ball 2-0: Swinging Strike 2-1: Foul Ball, location: 2F 2-2: Ball 3-2: Foul Ball, location: 2F 3-2: Foul Ball, location: 2F 3-2: Strikes out looking
|
Batting: LHB Dave Aguilar
|
0-0: Foul Ball, location: 2F 0-1: Ball 1-1: Swinging Strike 1-2: Ground out 6-3 (Groundball, 6M, EV 85.0 MPH)
|
Batting: RHB Wang-fen Yang
|
0-0: SINGLE (Groundball, 6MD, EV 106.2 MPH)
|
Batting: LHB Seung Pack
|
0-0: Ball 1-0: Called Strike 1-1: Ball 2-1: Called Strike 2-2: Strikes out looking
|
Bottom of the 1st over - 0 runs, 1 hit, 0 errors, 1 left on base; University of Georgia 0 - University of Maine 0 |
TOP OF THE 2ND |
University of Georgia Bulldogs batting - Pitching for University of Maine Black Bears : RHP Dan Cardinal
|
Batting: LHB Cole Sanchez
|
0-0: Ground out 4-3 (Groundball, 4, EV 86.2 MPH)
|
Batting: LHB Luis Mejia
|
0-0: Called Strike 0-1: Called Strike 0-2: Strikes out swinging
|
Batting: RHB James Warby
|
0-0: Foul Ball, location: 2F 0-1: Foul Ball, location: 2F 0-2: Ball 1-2: Ball 2-2: Strikes out swinging
|
Top of the 2nd over - 0 runs, 0 hits, 0 errors, 0 left on base; University of Georgia 0 - University of Maine 0 |
BOTTOM OF THE 2ND |
University of Maine Black Bears batting - Pitching for University of Georgia Bulldogs : LHP Allan Bodkin
|
Batting: RHB Alex Day
|
0-0: Ball 1-0: Ground out 5-3 (Groundball, 56, EV 78.8 MPH)
|
Batting: RHB Rewa Havika
|
0-0: Swinging Strike 0-1: Ball 1-1: Called Strike 1-2: Fly out, F4 (Line Drive, 4MD, EV 75.0 MPH)
|
Batting: LHB Osmo Leino
|
0-0: Foul Ball, location: 2F 0-1: Ground out 4-3 (Groundball, 4, EV 81.2 MPH)
|
Bottom of the 2nd over - 0 runs, 0 hits, 0 errors, 0 left on base; University of Georgia 0 - University of Maine 0 |
TOP OF THE 3RD |
University of Georgia Bulldogs batting - Pitching for University of Maine Black Bears : RHP Dan Cardinal
|
Batting: RHB Chi-hun Baik
|
0-0: Called Strike 0-1: Ball 1-1: Ball 2-1: Fly out, F9 (Flyball, 9, EV 78.1 MPH)
|
Batting: LHB Edwin Zavala
|
0-0: Called Strike 0-1: Ball 1-1: Swinging Strike 1-2: Strikes out swinging
|
Batting: LHB Pang Xú
|
0-0: Ball 1-0: Ground out 5-3 (Groundball, 56D, EV 91.2 MPH)
|
Top of the 3rd over - 0 runs, 0 hits, 0 errors, 0 left on base; University of Georgia 0 - University of Maine 0 |
BOTTOM OF THE 3RD |
University of Maine Black Bears batting - Pitching for University of Georgia Bulldogs : LHP Allan Bodkin
|
Batting: SHB Ron Handford
|
0-0: Swinging Strike 0-1: Called Strike 0-2: Foul Ball, location: 2F 0-2: Strikes out swinging
|
Batting: LHB Lance Widdison
|
0-0: Called Strike 0-1: Ground out 4-3 (Groundball, 4, EV 89.4 MPH)
|
Batting: RHB Wang Huan
|
0-0: Ball 1-0: Ball 2-0: Fly out, F8 (Line Drive, 78M, EV 86.2 MPH)
|
Bottom of the 3rd over - 0 runs, 0 hits, 0 errors, 0 left on base; University of Georgia 0 - University of Maine 0 |
TOP OF THE 4TH |
University of Georgia Bulldogs batting - Pitching for University of Maine Black Bears : RHP Dan Cardinal
|
Batting: RHB Jeff Wornick
|
0-0: Called Strike 0-1: Foul Ball, location: 2F 0-2: Ball 1-2: Ground out 5-3 (Groundball, 56S, EV 82.5 MPH)
|
Batting: LHB Sloan Rayner
|
0-0: Called Strike 0-1: Swinging Strike 0-2: Ball 1-2: Foul Ball, location: 2F 1-2: Foul Ball, location: 2F 1-2: Ball 2-2: Foul Ball, location: 2F 2-2: Ball 3-2: DOUBLE (Line Drive, 7LM, EV 108.1 MPH)
|
Batting: RHB Joe Strong
|
0-0: Ball 1-0: SINGLE (Groundball, 4M, EV 112.5 MPH) Sloan Rayner to third Runner from 3rd tries for Home, SAFE, throw by CF to home Joe Strong to second
|
Batting: LHB Cole Sanchez
|
0-0: Ball 1-0: Fly out, F7 (Line Drive, 78M, EV 93.1 MPH)
|
Batting: LHB Luis Mejia
|
0-0: Ball 1-0: Foul Ball, location: 2F 1-1: Ball 2-1: Foul Ball, location: 2F 2-2: Fly out, F8 (Flyball, 89S, EV 92.5 MPH)
|
Top of the 4th over - 1 run, 2 hits, 0 errors, 1 left on base; University of Georgia 1 - University of Maine 0 |
BOTTOM OF THE 4TH |
University of Maine Black Bears batting - Pitching for University of Georgia Bulldogs : LHP Allan Bodkin
|
Batting: LHB Dave Aguilar
|
0-0: Called Strike 0-1: Ground out 6-3 (Groundball, 6, EV 104.4 MPH)
|
Batting: RHB Wang-fen Yang
|
0-0: Called Strike 0-1: Foul Ball, location: 2F 0-2: Strikes out swinging
|
Batting: LHB Seung Pack
|
0-0: Ball 1-0: Foul Ball, location: 2F 1-1: Ball 2-1: Foul Ball, location: 2F 2-2: Strikes out looking
|
Bottom of the 4th over - 0 runs, 0 hits, 0 errors, 0 left on base; University of Georgia 1 - University of Maine 0 |
TOP OF THE 5TH |
University of Georgia Bulldogs batting - Pitching for University of Maine Black Bears : RHP Dan Cardinal
|
Pitching: LHP Gary Callender
|
|
Now at SS: Steve Thomas
|
|
Now in CF: Kevin Baker
|
|
Batting: RHB James Warby
|
0-0: DOUBLE (Flyball, 89D, EV 100.6 MPH)
|
Batting: RHB Chi-hun Baik
|
0-0: Ball 1-0: Foul Ball, location: 2F 1-1: Reached on error, E5 (Groundball, 5, EV 88.8 MPH) James Warby to third
|
Batting: LHB Edwin Zavala
|
0-0: Ball 1-0: Swinging Strike 1-1: Foul Ball, location: 2F 1-2: Foul Ball, location: 2F 1-2: Foul Ball, location: 2F 1-2: Ball 2-2: Fielders Choice at 2nd, 3-6 (Groundball, 3, EV 106.2 MPH) James Warby scores
|
Batting: LHB Pang Xú
|
0-0: Called Strike 0-1: SINGLE (Flyball, 78S, EV 86.2 MPH) Edwin Zavala to second
|
Pinch Hitting: RHB Albert Rodriguez
|
0-0: Foul Ball, location: 2F 0-1: Foul Ball, location: 2F 0-2: Strikes out swinging
|
Batting: LHB Sloan Rayner
|
0-0: Ball 1-0: Ball 2-0: Foul Ball, location: 2F 2-1: Ball 3-1: Ground out 4-3 (Groundball, 4, EV 100.0 MPH)
|
Top of the 5th over - 1 run, 2 hits, 1 error, 2 left on base; University of Georgia 2 - University of Maine 0 |
BOTTOM OF THE 5TH |
University of Maine Black Bears batting - Pitching for University of Georgia Bulldogs : LHP Allan Bodkin
|
Now at 2B: Albert Rodriguez
|
|
Now in LF: Bryan Ross
|
|
Now in RF: Kyle Sanders
|
|
Batting: RHB Alex Day
|
0-0: Ball 1-0: Swinging Strike 1-1: Called Strike 1-2: Foul Ball, location: 2F 1-2: Strikes out swinging
|
Batting: RHB Rewa Havika
|
0-0: Ball 1-0: Swinging Strike 1-1: Called Strike 1-2: Fly out, F4 (Popup, 34, EV 73.8 MPH)
|
Batting: LHB Osmo Leino
|
0-0: Foul Ball, location: 2F 0-1: Foul Ball, location: 2F 0-2: Foul Ball, location: 2F 0-2: Ball 1-2: Foul Ball, location: 2F 1-2: Strikes out looking
|
Bottom of the 5th over - 0 runs, 0 hits, 0 errors, 0 left on base; University of Georgia 2 - University of Maine 0 |
TOP OF THE 6TH |
University of Georgia Bulldogs batting - Pitching for University of Maine Black Bears : LHP Gary Callender
|
Batting: RHB Joe Strong
|
0-0: Ball 1-0: Swinging Strike 1-1: Called Strike 1-2: Strikes out looking
|
Batting: LHB Bryan Ross
|
0-0: SINGLE (Groundball, 6M, EV 98.1 MPH)
|
Pinch Hitting: RHB Salvatore Jaime
|
Pickoff Play to 1st, Runner tries for 2nd, OUT after rundown. 0-0: Called Strike 0-1: Swinging Strike 0-2: Ball 1-2: Ball 2-2: Foul Ball, location: 2F 2-2: Foul Ball, location: 2F 2-2: Ground out 6-3 (Groundball, 56, EV 105.6 MPH)
|
Top of the 6th over - 0 runs, 1 hit, 0 errors, 0 left on base; University of Georgia 2 - University of Maine 0 |
BOTTOM OF THE 6TH |
University of Maine Black Bears batting - Pitching for University of Georgia Bulldogs : LHP Allan Bodkin
|
Now at C: Hairama Seiuli
|
|
Now at 3B: Justin Szymczyk
|
|
Batting: SHB Ron Handford
|
0-0: Ball 1-0: Foul Ball, location: 2F 1-1: Ball 2-1: Foul Ball, location: 2F 2-2: Foul Ball, location: 2F 2-2: Foul Ball, location: 2F 2-2: Ball 3-2: Strikes out swinging
|
Batting: LHB Lance Widdison
|
0-0: Called Strike 0-1: Swinging Strike 0-2: Foul Ball, location: 2F 0-2: Ball 1-2: Ball 2-2: SINGLE (Groundball, 4MD, EV 102.5 MPH) (infield hit)
|
Pitching: RHP Jesse Moritz
|
|
Batting: LHB Steve Thomas
|
0-0: Ball 1-0: Called Strike 1-1: Foul Ball, location: 2F 1-2: Grounds into double play, 5-4-3 (Groundball, 5, EV 87.5 MPH)
|
Bottom of the 6th over - 0 runs, 1 hit, 0 errors, 0 left on base; University of Georgia 2 - University of Maine 0 |
TOP OF THE 7TH |
University of Georgia Bulldogs batting - Pitching for University of Maine Black Bears : LHP Gary Callender
|
Pitching: RHP Kurt Goff
|
|
Now at C: Pita Arnurna
|
|
Now at 1B: Ed Leighton
|
|
Now at 2B: Steve Thomas
|
|
Now at SS: Justin Degon
|
|
Pinch Hitting: RHB Eric Wilson
|
0-0: Ball 1-0: Fly out, F9 (Line Drive, 9, EV 102.5 MPH)
|
Batting: LHB Andy Dyer
|
0-0: Ball 1-0: Foul Ball, location: 2F 1-1: Called Strike 1-2: Strikes out swinging
|
Pinch Hitting: LHB Alrigo Fiori
|
0-0: Ground out U3 (Groundball, 13, EV 90.0 MPH)
|
Top of the 7th over - 0 runs, 0 hits, 0 errors, 0 left on base; University of Georgia 2 - University of Maine 0 |
BOTTOM OF THE 7TH |
University of Maine Black Bears batting - Pitching for University of Georgia Bulldogs : RHP Jesse Moritz
|
Now at SS: Eric Wilson
|
|
Now in CF: Ted Toohey
|
|
Batting: LHB Ed Leighton
|
0-0: Called Strike 0-1: Swinging Strike 0-2: Strikes out swinging
|
Batting: RHB Kevin Baker
|
0-0: Foul Ball, location: 2F 0-1: Ball 1-1: Ball 2-1: Ball 3-1: Called Strike 3-2: Strikes out swinging
|
Pinch Hitting: LHB John Knox
|
0-0: Ball 1-0: Foul Ball, location: 2F 1-1: Fly out, F8 (Flyball, 8LM, EV 93.1 MPH)
|
Bottom of the 7th over - 0 runs, 0 hits, 0 errors, 0 left on base; University of Georgia 2 - University of Maine 0 |
TOP OF THE 8TH |
University of Georgia Bulldogs batting - Pitching for University of Maine Black Bears : RHP Kurt Goff
|
Pitching: LHP Preston Harbold
|
|
Now in LF: John Knox
|
|
Batting: LHB Kyle Sanders
|
0-0: Ball 1-0: Called Strike 1-1: Foul Ball, location: 2F 1-2: Foul Ball, location: 2F 1-2: Ball 2-2: Ball 3-2: Base on Balls
|
Batting: RHB Albert Rodriguez
|
0-0: Sac Bunt to 15S - play at first, batter OUT! 1-3 Kyle Sanders to second
|
Pinch Hitting: RHB Yi-ke Ba
|
0-0: Ball 1-0: Ball 2-0: Called Strike 2-1: Ball 3-1: Base on Balls
|
Batting: RHB Justin Szymczyk
|
0-0: Swinging Strike 0-1: Reached via error on a dropped throw from 3B, E4 (Groundball, 56S, EV 88.8 MPH) Kyle Sanders to third Yi-ke Ba to second
|
Batting: LHB Bryan Ross
|
0-0: Grounds into fielders choice 5-2 (Groundball, 56, EV 85.0 MPH) Yi-ke Ba to third Justin Szymczyk to second
|
Batting: SHB Hairama Seiuli
|
0-0: Foul Ball, location: 2F 0-1: Ball 1-1: Foul Ball, location: 2F 1-2: Ball 2-2: Fielders Choice at 2nd, 6-4 (Groundball, 56, EV 84.4 MPH)
|
Top of the 8th over - 0 runs, 0 hits, 1 error, 3 left on base; University of Georgia 2 - University of Maine 0 |
BOTTOM OF THE 8TH |
University of Maine Black Bears batting - Pitching for University of Georgia Bulldogs : RHP Jesse Moritz
|
Now at 1B: Milton Yeo
|
|
Batting: LHB John Bergeron
|
0-0: Called Strike 0-1: Swinging Strike 0-2: Strikes out looking
|
Pinch Hitting: SHB Mario Barajas
|
0-0: Ball 1-0: Ball 2-0: Called Strike 2-1: Foul Ball, location: 2F 2-2: Foul Ball, location: 2F 2-2: Fly out, F7 (Flyball, 78D, EV 87.5 MPH)
|
Batting: RHB Justin Degon
|
0-0: Ball 1-0: Swinging Strike 1-1: Ground out 1-3 (Groundball, 13S, EV 65.6 MPH)
|
Bottom of the 8th over - 0 runs, 0 hits, 0 errors, 0 left on base; University of Georgia 2 - University of Maine 0 |
TOP OF THE 9TH |
University of Georgia Bulldogs batting - Pitching for University of Maine Black Bears : LHP Preston Harbold
|
Pitching: LHP Al Sisneros
|
|
Now at 3B: Mario Barajas
|
|
Batting: RHB Eric Wilson
|
0-0: Ball 1-0: Ball 2-0: Foul Ball, location: 2F 2-1: Ground out 6-3 (Groundball, 6, EV 107.5 MPH)
|
Batting: LHB Andy Dyer
|
0-0: SINGLE (Groundball, 6MD, EV 94.4 MPH)
|
Pinch Hitting: RHB Javier Alcorta
|
0-0: Ball 1-0: Foul Ball, location: 2F 1-1: Called Strike 1-2: Ball 2-2: Strikes out swinging
|
Batting: LHB Kyle Sanders
|
0-0: Fly out, F9 (Flyball, 9LS, EV 88.8 MPH)
|
Top of the 9th over - 0 runs, 1 hit, 0 errors, 1 left on base; University of Georgia 2 - University of Maine 0 |
BOTTOM OF THE 9TH |
University of Maine Black Bears batting - Pitching for University of Georgia Bulldogs : RHP Jesse Moritz
|
Pitching: RHP Li-zhu Liu
|
|
Now in CF: Lu-fang Dou
|
|
Batting: RHB Pita Arnurna
|
0-0: Called Strike 0-1: Swinging Strike 0-2: Foul Ball, location: 2F 0-2: SINGLE (Line Drive, 8LS, EV 94.4 MPH)
|
Batting: LHB Lance Widdison
|
0-0: Ball 1-0: Foul Ball, location: 2F 1-1: Called Strike 1-2: Strikes out swinging
|
Batting: LHB Steve Thomas
|
0-0: Fly out, F9 (Flyball, 9S, EV 72.5 MPH)
|
Batting: LHB Ed Leighton
|
0-0: Foul Ball, location: 2F 0-1: Ball 1-1: Called Strike 1-2: Ball 2-2: Fly out, F7 (Flyball, 78S, EV 90.0 MPH)
|
Bottom of the 9th over - 0 runs, 1 hit, 0 errors, 1 left on base; University of Georgia 2 - University of Maine 0 |
|